 Dungeon Crawl Stone Soup version 0.24.0-123-gd5b16e6ec5 (webtiles) character file.

Game seed: 11728916576067214264, levelgen mode: deterministic

15304 Johnny the Geomancer (level 11, -10/111 HPs)
             Began as a Demigod Earth Elementalist on Feb 3, 2020.
             Hit by a silver javelin thrown by a minotaur (14 damage)
             ... in a Gauntlet.
             The game lasted 00:22:31 (13614 turns).

Johnny the Geomancer (Demigod Earth Elementalist)  Turns: 13614, Time: 00:22:31

Health: -10/111    AC: 29    Str: 11      XL:     11   Next: 68%
Magic:  27/30      EV:  2    Int: 25      God:
Gold:   329        SH:  6    Dex: 20 (21) Spells: 18/31 levels left

rFire    . . .     SeeInvis +   C - +1 whip (elec)
rCold    . . .     Gourm    .   A - +0 buckler
rNeg     + + +     Faith    .   (armour currently unavailable)
rPois    +         Spirit   .   (helmet currently unavailable)
rElec    .         Reflect  .   (cloak currently unavailable)
rCorr    .         Harm     .   (gloves currently unavailable)
MR       +....     NoTele   +   (boots currently unavailable)
Stlth    +++.......             (no amulet)
HPRegen  0.28/turn              H - ring of see invisible
MPRegen  0.22/turn              v - +4 ring of protection

@: agile, tree-form, very slightly contaminated
A: deterioration 1, high mp 1
a: no special abilities


You were in a Gauntlet.
You were not hungry.
You were a tree.
You visited 1 branch of the dungeon, and saw 11 of its levels.
You also visited: Gauntlet.

You collected 582 gold pieces.
You spent 253 gold pieces at shops.

Inventory:

Hand Weapons
 y - a +1 flail of draining
 C - a +1 whip of electrocution (weapon)
Missiles
 p - 58 stones (quivered)
Armour
 c - the -4 cloak of the Hot Ocelot {Str+4 Dex+3, unknown}
   (You found it in a Gauntlet)

   It affects your strength (+4).
   It affects your dexterity (+3).
 o - a +0 cloak (melded)
 u - a +0 pair of gloves (melded)
 A - a +0 buckler (worn)
 D - a +2 robe of magic resistance
 M - a +0 helmet (melded)
 N - a +2 troll leather armour (melded)
Jewellery
 l - an uncursed ring of attention
 v - a +4 ring of protection (right branch)
 G - a cursed +2 ring of dexterity {unknown}
 H - a ring of see invisible (left branch)
 I - an uncursed ring of protection from cold {unknown}
Wands
 z - a wand of random effects (19)
 J - a wand of iceblast (5)
Scrolls
 a - a scroll of immolation
 r - 6 scrolls of remove curse
 t - a scroll of amnesia
 x - 5 scrolls of teleportation
 E - a scroll of vulnerability
Potions
 b - a potion of flight
 h - a potion of resistance
 k - 3 potions of degeneration
 m - a potion of mutation
 s - a potion of agility
 w - 4 potions of curing
 F - a potion of haste
Comestibles
 d - 12 rations


   Skills:
 - Level 1.7 Dodging
 - Level 1.7 Stealth
 - Level 6.8 Shields
 + Level 10.9 Spellcasting
 - Level 0.8 Transmutations
 + Level 11.9 Earth Magic


You had 18 spell levels left.
You knew the following spells:

 Your Spells              Type           Power        Failure   Level  Hunger
a - Sandblast             Erth           ######       1%          1    None
b - Stone Arrow           Conj/Erth      #####.       1%          3    None
c - Lee's Rapid Deconstr  Erth           ######....   1%          5    ####...
d - Petrify               Tmut/Erth      #####...     3%          4    None

Your spell library contained the following spells:

 Spells                   Type           Power        Failure   Level  Hunger
 Passwall                 Tmut/Erth      #####...     1%          2    None
 Leda's Liquefaction      Hex/Erth       #####.....   3%          4    None
 Animate Skeleton         Necr           N/A          4%          1    None
 Apportation              Tloc           ##....       4%          1    None
 Confusing Touch          Hex            ##....       4%          1    None
 Corona                   Hex            ##.....      4%          1    None
 Summon Small Mammal      Summ           ##..         4%          1    None
 Slow                     Hex            ##......     7%          2    None
 Inner Flame              Hex/Fire       ##......     14%         3    None
 Portal Projectile        Hex/Tloc       ##....       14%         3    None
 Cause Fear               Hex            ##........   41%         4    None


Dungeon Overview and Level Annotations

Branches:
Dungeon (11/15)            Temple (0/1) D:6            Lair (0/6) D:9
    Orc (0/2) D:10        Gauntlet (1/1)

Shops:
D:5 !   D:6 *   D:10 *

Annotations:
Gauntlet 12 transporters, 21 runed translucent doors


Innate Abilities, Weirdness & Mutations

You have an increased reservoir of magic. (+10% MP)
((You are partially covered in large bone plates. (SH +4)))
((You are partially covered in molten scales. (AC +2)))
Your body sometimes deteriorates upon taking damage.


Message History

The silver sears you!
* * * LOW HITPOINT WARNING * * *
Unknown command.
Evoke which item? (* to show all) (? for menu, Esc to quit)
Aiming: Iceblast
Press: ? - help, Shift-Dir - straight line, f - you, p - minotaur
Okay, then.
Casting: Petrify (safe; 3% risk of failure)
Confirm with . or Enter, or press ? or * to list all spells.
Aiming: Lee's Rapid Deconstruction (safe; 1% risk of failure)
Press: ? - help, Dir - move target cursor, p - minotaur You can't see that place. [the floor.]
Okay, then.
The minotaur throws a silver javelin.
The silver javelin pierces through you!!
* * * LOW HITPOINT WARNING * * *
Your body deteriorates!
You feel clumsy. The silver sears you!
You die...

#.#..#..#.#.#.#.#.#.#.#.#.#^#.#.#
#Y...#....#.#.#.##.##.#.#^.#^#^#.
#9^.#.#.^.#.#.##.###^.#.#^#X#.#.#
#99.?©[:..#.##©##4...^#.#xxXxX.!.
###########.###########.#########
........................§........
......................§∩§........
#################################
8# #8# #8# #8##≈♣..............≈#
## ### ### ####8..©.©.©.©.©.©..8#
#§§..............≈#
#####.###.###.#####
###.###.###.### #....(........#
#.###.###.###.# #.....H.......#
#######'#######


You could see a minotaur and an ice devil.

Vanquished Creatures
  Erolcha (D:10)
  2 two-headed ogres
  5 death yaks (Gauntlet)
  Pikel (D:6)
  An ugly thing (D:9)
  A torpor snail (Gauntlet)
  Psyche (D:8)
  Joseph (D:9)
  An ice devil (Gauntlet)
  A polar bear (D:10)
  A troll (D:9)
  Grinder (D:3)
  A hippogriff (D:5)
  3 flying skulls (Gauntlet)
  Sigmund (D:2)
  8 yaks (D:10)
  2 hungry ghosts
  A soldier ant (D:10)
  A water moccasin (D:10)
  An orc warrior (D:11)
  3 ice beasts
  A slave (D:6)
  A black bear (D:8)
  An eye of draining (D:8)
  4 phantoms
  3 sky beasts
  A necrophage (D:7)
  6 wolves
  4 centaurs
  6 ogres
  A big kobold (D:7)
  5 bullfrogs
  A gnoll sergeant (D:5)
  4 scorpions
  4 killer bees (D:10)
  2 electric eels (D:10)
  3 howler monkeys
  2 crimson imps
  A bullfrog zombie (D:10)
  A centaur zombie (D:6)
  A quasit (D:8)
  9 hounds
  A bullfrog skeleton (D:7)
  3 centaur skeletons
  6 orc priests
  A gnoll shaman (D:10)
  3 iguanas
  4 orc wizards
  6 worker ants
  A hound zombie (D:8)
  A worker ant zombie (D:10)
  16 gnolls
  14 adders
  2 shadow imps
  4 white imps (Gauntlet)
  A worker ant simulacrum (D:10)
  An ooze (D:4)
  2 ufetubi (D:10)
  An adder zombie (D:6)
  2 adder skeletons
  4 worms
  A dart slug (D:5)
  7 leopard geckos
  28 orcs
  6 giant cockroaches
  6 goblins
  11 hobgoblins
  9 jackals
  6 quokkas
  2 ball pythons
  5 bats
  6 frilled lizards
  12 kobolds
  A leopard gecko skeleton (D:4)
  A leopard gecko zombie (D:7)
  A quokka skeleton (D:6)
  7 rats
  A demonic plant (Gauntlet)
282 creatures vanquished.

Vanquished Creatures (others)
  10 demonic plants (Gauntlet)
10 creatures vanquished.

Grand Total: 292 creatures vanquished

Notes
Turn   | Place    | Note
-------+----------+-------------------------------------------
     0 | D:1      | Johnny the Demigod Earth Elementalist began the quest for
                  | the Orb.
     0 | D:1      | Reached XP level 1. HP: 14/14 MP: 5/5
   307 | D:1      | Reached skill level 3 in Earth Magic
   412 | D:1      | Reached XP level 2. HP: 7/20 MP: 3/7
  1347 | D:1      | Reached XP level 3. HP: 23/26 MP: 5/9
  1960 | D:2      | Noticed Sigmund
  1969 | D:2      | Killed Sigmund
  1969 | D:2      | Reached skill level 4 in Earth Magic
  1969 | D:2      | Reached XP level 4. HP: 6/33 MP: 5/12
  1969 | D:2      | Reached XP level 5. HP: 7/38 MP: 5/13
  2337 | D:2      | Learned a level 3 spell: Stone Arrow
  2846 | D:2      | Noticed an ice beast
  2997 | D:3      | Learned a level 5 spell: Lee's Rapid Deconstruction
  3400 | D:3      | Noticed Grinder
  3498 | D:4      | Reached XP level 6. HP: 45/45 MP: 8/15
  3519 | D:4      | Reached skill level 5 in Earth Magic
  3542 | D:4      | Learned a level 4 spell: Petrify
  4550 | D:3      | Found an iron altar of Okawaru.
  4734 | D:3      | Found an ornate altar of the Wu Jian Council.
  4734 | D:3      | Found a white marble altar of Elyvilon.
  4925 | D:3      | Killed Grinder
  4925 | D:3      | Reached skill level 5 in Spellcasting
  4925 | D:3      | Reached skill level 6 in Earth Magic
  4925 | D:3      | Reached XP level 7. HP: 50/50 MP: 10/18
  5188 | D:5      | Entered Level 5 of the Dungeon
  5196 | D:5      | Noticed a hippogriff
  5205 | D:5      | Killed a hippogriff
  5377 | D:5      | Found a radiant altar of Vehumet.
  5475 | D:5      | Reached XP level 8. HP: 15/57 MP: 10/20
  5541 | D:5      | Reached skill level 7 in Earth Magic
  5702 | D:5      | Reached skill level 1 in Shields
  5764 | D:5      | Found a shattered altar of Ashenzari.
  5887 | D:5      | Found Fuwiasi's Distillery.
  5892 | D:5      | Bought a potion of lignification for 30 gold pieces
  5892 | D:5      | Bought a potion of heal wounds for 50 gold pieces
  5892 | D:5      | Bought a potion of heal wounds for 50 gold pieces
  5892 | D:5      | Bought a potion of curing for 30 gold pieces
  6024 | D:5      | Found an iron altar of Okawaru.
  6452 | D:6      | Noticed Pikel
  6513 | D:6      | Killed Pikel
  6781 | D:6      | Found a staircase to the Ecumenical Temple.
  6814 | D:6      | Found Cytaq's Assorted Antiques.
  7038 | D:6      | Reached skill level 8 in Earth Magic
  7048 | D:6      | Reached XP level 9. HP: 39/62 MP: 23/23
  7727 | D:7      | HP: 2/62 [centaur (4)]
  8475 | D:8      | Found a glowing silver altar of Zin.
  8486 | D:8      | Reached skill level 5 in Shields
  8740 | D:8      | Reached skill level 9 in Earth Magic
  9035 | D:8      | Found a shadowy altar of Dithmenos.
  9134 | D:8      | Noticed Psyche
  9139 | D:8      | Killed Psyche
  9326 | D:9      | Noticed a two-headed ogre
  9336 | D:9      | Killed a two-headed ogre
  9336 | D:9      | Reached XP level 10. HP: 63/69 MP: 6/26
  9723 | D:9      | Noticed Joseph
  9826 | D:9      | Found a staircase to the Lair.
  9860 | D:9      | Killed Joseph
 10165 | D:9      | Noticed a purple ugly thing
 10269 | D:10     | Entered Level 10 of the Dungeon
 10790 | D:10     | Found Heaxkoz's Assorted Antiques.
 10797 | D:10     | Reached skill level 10 in Earth Magic
 10854 | D:10     | Bought a potion of lignification for 93 gold pieces
 11124 | D:10     | Noticed a two-headed ogre
 11252 | D:9      | Killed a purple ugly thing
 11460 | D:10     | Killed a two-headed ogre
 11463 | D:10     | Reached XP level 11. HP: 68/74 MP: 5/29
 11747 | D:10     | Noticed Erolcha
 12051 | D:10     | Killed Erolcha
 12051 | D:10     | Reached skill level 10 in Spellcasting
 12051 | D:10     | Reached skill level 11 in Earth Magic
 12310 | D:10     | Found a staircase to the Orcish Mines.
 12695 | D:11     | Found a gate leading to a gauntlet.
 12701 | Gauntlet | Entered a Gauntlet
 12701 | Gauntlet | Found a transporter.
 12714 | Gauntlet | Found a transporter.
 12727 | Gauntlet | Found a transporter.
 12729 | Gauntlet | Found a large runed translucent door.
 12730 | Gauntlet | Found a large runed translucent door.
 12731 | Gauntlet | Found a large runed translucent door.
 12731 | Gauntlet | Found a large runed translucent door.
 12731 | Gauntlet | Found a runed translucent door.
 12732 | Gauntlet | Found a transporter.
 12733 | Gauntlet | Found a runed translucent door.
 12734 | Gauntlet | Found a large runed translucent door.
 12734 | Gauntlet | Found a large runed translucent door.
 12735 | Gauntlet | Found a large runed translucent door.
 12736 | Gauntlet | Found a large runed translucent door.
 12742 | Gauntlet | Found a large runed translucent door.
 12742 | Gauntlet | Found a large runed translucent door.
 12743 | Gauntlet | Found a large runed translucent door.
 12743 | Gauntlet | Found a large runed translucent door.
 12744 | Gauntlet | Found a large runed translucent door.
 12744 | Gauntlet | Found a large runed translucent door.
 12745 | Gauntlet | Found a runed translucent gate.
 12745 | Gauntlet | Found a runed translucent gate.
 12745 | Gauntlet | Found a runed translucent gate.
 12746 | Gauntlet | Noticed a death scarab
 12747 | Gauntlet | Found a transporter.
 12756 | Gauntlet | Noticed a death scarab
 12757 | Gauntlet | Found a large runed translucent door.
 12758 | Gauntlet | Found a large runed translucent door.
 12764 | Gauntlet | Noticed a death yak
 12764 | Gauntlet | Noticed a death yak
 12765 | Gauntlet | Noticed a death yak
 12765 | Gauntlet | Noticed a death yak
 12765 | Gauntlet | Noticed a death yak
 12766 | Gauntlet | Found a transporter.
 12766 | Gauntlet | Noticed a death yak
 12778 | Gauntlet | Found a transporter.
 12796 | Gauntlet | Found a transporter.
 12802 | Gauntlet | Found a transporter.
 12805 | Gauntlet | Noticed a blizzard demon
 12811 | Gauntlet | Found a transporter.
 12811 | Gauntlet | Noticed a catoblepas
 12823 | Gauntlet | Found a transporter.
 12823 | Gauntlet | Noticed a death drake
 12840 | Gauntlet | Found a transporter.
 12858 | Gauntlet | Found a transporter.
 12860 | Gauntlet | Found a transporter.
 12887 | Gauntlet | Found a transporter.
 12887 | Gauntlet | Found a transporter.
 12907 | Gauntlet | Found a transporter.
 13021 | Gauntlet | Found a transporter.
 13411 | Gauntlet | Killed a death yak
 13423 | Gauntlet | Killed a death yak
 13436 | Gauntlet | Gained mutation: You are partially covered in molten
                  | scales. (AC +2) [potion of mutation]
 13436 | Gauntlet | Gained mutation: Your body sometimes deteriorates upon
                  | taking damage. [potion of mutation]
 13436 | Gauntlet | Gained mutation: You are partially covered in large bone
                  | plates. (SH +4) [potion of mutation]
 13443 | Gauntlet | Killed a death yak
 13445 | Gauntlet | Killed a death yak
 13446 | Gauntlet | Killed a death yak
 13455 | Gauntlet | Got a warped cloak
 13605 | Gauntlet | Identified the cursed +3 dagger of Spite {flame, *Contam
                  | +Inv rF++}
 13605 | Gauntlet | Noticed a minotaur
 13614 | Gauntlet | HP: 4/111 [minotaur/silver javelin (19)]
 13614 | Gauntlet | Hit by a silver javelin thrown by a minotaur

Levels and vault maps discovered:
D:1:      evilmike_arrival_run_for_it, layout_basic
D:2:      layout_loops_corners, first_ration, uniq_sigmund
D:3:      layout_basic, gammafunk_temple_overflow_wave, lemuel_altar_in_water,
          uniq_grinder
D:4:      layout_basic
D:5:      layout_rooms, vehumet_crystals, okawaru_ov_weapons_minmay,
          ashenzari_altar_1, serial_shops, nicolae_shop_trees
D:6:      layout_basic, temple_pool_b, serial_shops, shop, kennysheep_diamond,
          hangedman_abyss_or_decor_slice, uniq_pikel
D:7:      layout_rooms, minmay_misc_feat_more_columns, grunt_ogre_cave,
          minmay_between
D:8:      layout_basic, lemuel_crystal_altar, overflow_temple_1_default,
          chequers_serial_rivers_marsh, uniq_psyche
D:9:      layout_basic, erik_lair_island, uniq_joseph
D:10:     layout_irregular_city, orc_0_dummy, serial_shops, shop, serial_ice,
          serial_ice_c, serial_ice_j, serial_ice_a, serial_ice_d, serial_ice_o,
          serial_ice_g, uniq_erolcha
D:11:     layout_basic, gammafunk_ghost_icy, gauntlet_entry_generic,
          kennysheep_donut
Gauntlet: gammafunk_gauntlet_one_two_three [nicolae_gauntlet_arena_blocks,
          gammafunk_gauntlet_arena_teeth, gammafunk_gauntlet_arena_arrow_garden,
          gammafunk_gauntlet_arena_crates, nicolae_gauntlet_arena_t_cross,
          gammafunk_gauntlet_arena_spirals, gammafunk_gauntlet_arena_grid,
          gammafunk_gauntlet_arena_split_x,
          minmay_gauntlet_arena_make_your_own_arena, gauntlet_exit_hidden_loot]

Skill      XL: |  1  2  3  4  5  6  7  8  9 10 11 |
---------------+----------------------------------+-----
Spellcasting   | 2 3 4 5 6 7 8 9 10 | 10.9
Earth Magic    | 3 4 6 8 9 10 11 | 11.9
Shields        | 3 6 |  6.8
Dodging        | |  1.7
Stealth        | |  1.7
Transmutations | |  0.8

Action                   |  1- 3 |  4- 6 |  7- 9 | 10-12 || total
-------------------------+-------+-------+-------+-------++-------
Melee: Unarmed           |    67 |     5 |       |       ||    72
       Mace              |       |    65 |       |       ||    65
       Flail             |       |       |    74 |       ||    74
       Whip              |       |       |   154 |   126 ||   280
Throw: Stone             |       |       |       |     1 ||     1
 Cast: Sandblast         |    53 |    30 |    71 |    39 ||   193
       Stone Arrow       |       |    39 |    46 |    73 ||   158
       Lee's Rapid Decon |       |       |    15 |    46 ||    61
       Petrify           |       |       |     1 |    10 ||    11
Evoke: Wand              |       |       |     3 |    10 ||    13
  Use: Potion            |       |     1 |     2 |    22 ||    25
       Scroll            |       |       |    12 |    10 ||    22
 Stab: Sleeping          |     4 |       |       |     1 ||     5
       Petrified         |       |       |       |     5 ||     5
  Eat: Chunk             |     3 |    12 |    14 |    10 ||    39
       Ration            |       |       |     1 |     4 ||     5
Armor: Robe              |    25 |    11 |    83 |    13 ||   132
       Leather armour    |       |     7 |    47 |       ||    54
       Troll leather arm |       |       |       |    71 ||    71
       Skin              |       |       |       |    26 ||    26
Dodge: Dodged            |    65 |    83 |   228 |   124 ||   500
Block: Buckler           |       |       |    55 |    62 ||   117
